AoeStats
← KND

Nomad

508109723Analyzed
4v4 RM · 11d ago on Sep 20, 2026· 64m 11s· 8 players
Game mode
Random Map
Map size
231×231
Population
200
Speed
Normal
Resources
Standard
Victory
Conquest
Starting age
Dark Age
Ending age
Imperial Age
RankedLock teamsTeams togetherTeam positionsShared explorationLock speedFull tech treeHidden civsTurbo modeCheats
Victory
Defeat
🇦🇷 Romans · Argentina
1660
+12
🇦🇷 Persians · Argentina
1654
+12
🇦🇷 Turks · Argentina
1525
+17
🇦🇷 Vietnamese · Argentina
1401
+22
🇧🇴 Byzantines · Bolivia
1661
-20
🇨🇴 Khitans · Colombia
1529
-15
🇧🇷 Italians · Brazil
1508
-14
🇦🇷 Tatars · Argentina
1504
-14
Istar
3:39 Loom
27:36 Feudal Age
28:25 Double-Bit Axe
29:35 Wheelbarrow
30:05 Domestication
31:02 Town Watch
36:51 Castle Age
35:44 Gold Mining
37:45 Bow Saw
37:36 Pastoralism
49:15 Imperial Age
47:11 Scale Barding Armor
47:17 Forging
47:28 Stone Mining
48:17 Chain Barding Armor
48:32 Husbandry
49:53 Hand Cart
49:18 Elite Steppe Lancer
49:18 Light Cavalry
50:35 Plate Barding Armor
50:35 Iron Casting
51:06 Two-Man Saw
51:26 Hussar
53:24 Ordo Cavalry
56:24 Transhumance
[TodEs] JohnWCooke
4:55 Loom
14:59 Feudal Age
18:44 Castle Age
17:34 Fletching
20:54 Crossbowman
23:29 Double-Bit Axe
40:30 Wheelbarrow
41:37 Wheelbarrow
45:48 Horse Collar
46:20 Bow Saw
54:43 Hand Cart
54:38 Gold Mining
55:35 Town Watch
59:18 Imperial Age
57:17 Bloodlines
57:08 Husbandry
57:16 Light Cavalry
58:59 Scale Barding Armor
58:56 Silk Armor
59:36 Forging
60:03 Chain Barding Armor
59:24 Hussar
60:56 Conscription
61:32 Plate Barding Armor
62:23 Iron Casting
63:57 Heavy Camel Rider
到
11:34 Feudal Age
12:13 Double-Bit Axe
15:39 Loom
21:21 Castle Age
19:41 Fletching
22:13 Medium Warships
22:43 Bow Saw
22:43 Bodkin Arrow
23:19 Horse Collar
29:40 Bow Saw
30:31 Wheelbarrow
34:07 Imperial Age
31:33 Fishing Lines
32:34 Padded Archer Armor
33:34 Ballistics
33:06 Crossbowman
33:51 Thumb Ring
34:50 Bracer
35:51 Chemistry
35:20 Arbalester
37:23 Gold Mining
39:54 Leather Archer Armor
44:19 Pikeman
45:00 Squires
45:00 Scale Mail Armor
45:29 Halberdier
47:05 Chain Mail Armor
47:46 Ring Archer Armor
47:27 Forging
49:49 Plate Mail Armor
50:24 Iron Casting
KND
13:40 Feudal Age
18:03 Castle Age
18:00 Horse Collar
18:07 Double-Bit Axe
18:13 Gold Mining
18:43 Loom
19:10 Bow Saw
19:03 Heavy Plow
26:10 Sanctity
29:53 Fletching
30:36 Bodkin Arrow
32:03 Padded Archer Armor
33:03 Wheelbarrow
34:03 Ballistics
34:01 Stone Mining
35:01 Hand Cart
38:23 Imperial Age
38:03 Masonry
40:17 Chemistry
39:07 Elite Skirmisher
40:25 Bracer
41:07 Conscription
42:41 Leather Archer Armor
43:21 Thumb Ring
46:28 Architecture
47:18 Two-Man Saw
46:33 Elite Genoese Crossbowman
47:54 Stone Shaft Mining
56:02 Ring Archer Armor
62:10 Town Watch
63:15 Hoardings
62:51 Scale Barding Armor
Leveroy
5:01 Loom
13:01 Feudal Age
16:59 Double-Bit Axe
32:42 Castle Age
31:02 Horse Collar
33:50 Fletching
34:05 Husbandry
35:23 Bodkin Arrow
44:19 Elite Skirmisher
45:23 Padded Archer Armor
49:20 Wheelbarrow
51:47 Imperial Age
51:47 Ballistics
52:37 Bow Saw
52:01 Imperial Skirmisher
53:51 Chemistry
53:01 Pikeman
53:43 Squires
54:44 Leather Archer Armor
56:30 Bracer
60:09 Scale Mail Armor
60:39 Ring Archer Armor
60:20 Forging
61:18 Chain Mail Armor
64:17 Plate Mail Armor
64:23 Iron Casting
63:24 Halberdier
TGT | GermanCT
4:48 Loom
13:45 Feudal Age
18:36 Castle Age
17:15 Gold Mining
17:18 Stone Mining
19:40 Town Watch
25:57 Padded Archer Armor
34:48 Imperial Age
32:23 Horse Collar
32:48 Gold Mining
33:00 Double-Bit Axe
33:56 Wheelbarrow
35:19 Leather Archer Armor
38:01 Heavy Plow
38:37 Artillery
39:01 Scale Barding Armor
39:37 Bow Saw
40:45 Ring Archer Armor
41:01 Bloodlines
40:52 Husbandry
42:02 Chain Barding Armor
45:08 Plate Barding Armor
47:12 Gold Shaft Mining
53:16 Fletching
53:06 Elite Janissary
54:06 Conscription
53:49 Treadmill Crane
54:20 Masonry
56:11 Guard Tower
56:06 Arrowslits
56:22 Bodkin Arrow
58:48 Keep
59:50 Bracer
TGT | Sera
10:55 Loom
13:30 Feudal Age
17:18 Castle Age
17:56 Fletching
24:47 Double-Bit Axe
33:14 Horse Collar
38:49 Bow Saw
40:25 Wheelbarrow
40:05 Gold Mining
41:28 Heavy Plow
44:32 Town Watch
48:28 Imperial Age
46:33 Stone Mining
46:51 Scale Barding Armor
46:56 Forging
47:59 Bodkin Arrow
48:05 Padded Archer Armor
48:25 Elite Skirmisher
49:34 Leather Archer Armor
50:48 Chemistry
50:16 Ballistics
51:15 Ring Archer Armor
53:21 Conscription
52:49 Heavy Scorpion
55:04 Ballistas
57:21 Chain Barding Armor
57:12 Forging
57:47 Siege Engineers
TGT | Diegote22
7:35 Loom
11:24 Feudal Age
11:46 Double-Bit Axe
16:49 Fletching
21:13 Wheelbarrow
24:01 Castle Age
23:37 Gold Mining
23:29 Horse Collar
24:40 Medium Warships
24:30 Bodkin Arrow
38:45 Imperial Age
36:33 Bloodlines
36:29 Scale Barding Armor
36:53 Town Watch
38:17 Chain Barding Armor
38:18 Heavy Plow
39:00 Cavalier
40:50 Plate Barding Armor
42:49 Savar
44:25 Forging
45:03 Husbandry
46:42 Iron Casting
48:24 Light Cavalry
50:14 Hussar
52:37 Blast Furnace
54:08 Stone Mining
54:54 Gold Shaft Mining
59:36 Crop Rotation
59:17 Bow Saw
61:38 Conscription
Connection lost

Rejoining the realm…

Still unreachable

The connection could not be restored.

Session expired

The server has moved on; the page needs a fresh start.